 Dungeon Crawl Stone Soup version 0.23-a0-612-gcb482e9 (console) character file.

5286 Duffy the Cleaver (level 10, -4/98 HPs)
             Began as a Naga Gladiator on Dec 21, 2018.
             Was an Elder of the Shining One.
             Slain by a two-headed ogre
             ... wielding a +0 giant spiked club
              (16 damage)
             ... on level 9 of the Dungeon.
             The game lasted 00:10:29 (8837 turns).

Duffy the Cleaver (Naga Gladiator)                  Turns: 8837, Time: 00:10:29

Health: -4/98      AC: 17    Str: 20    XL:     10   Next: 63%
Magic:  11/11      EV:  2    Int:  8    God:    the Shining One [****..]
Gold:   355        SH:  7    Dex: 13    Spells: 9/9 levels left

rFire    . . .     SeeInvis +   a - +0 war axe
rCold    . . .     Gourm    .   s - +0 shield
rNeg     + + .     Faith    .   C - +0 plate armour
rPois    +         Spirit   .   c - +0 helmet
rElec    .         Reflect  .   t - +2 cloak
rCorr    .         Harm     .   l - +0 pair of gloves
MR       ++...                  (no barding)
Stlth    ..........             z - amulet of magic regeneration
HPRegen  0.26/turn              e - ring of protection from magic
MPRegen  0.37/turn              r - +2 ring of slaying

@: glowing, very slow
A: large, see invisible, deformed body, poison resistance, slowness 2, slow
metabolism 1, spit poison 1, AC +3
a: Spit Poison, Divine Shield, Cleansing Flame, Renounce Religion


You were on level 9 of the Dungeon.
You worshipped the Shining One.
The Shining One was greatly pleased with you.
You were not hungry.

You visited 1 branch of the dungeon, and saw 9 of its levels.

You collected 355 gold pieces.

Inventory:

Hand Weapons
 a - a +0 war axe (weapon)
 v - a +2 flail of protection
Missiles
 d - 3 throwing nets (quivered)
Armour
 c - a +0 helmet (worn)
 l - a +0 pair of gloves (worn)
 s - a +0 shield (worn)
 t - a +2 cloak (worn)
 C - a +0 plate armour (worn)
Jewellery
 e - a ring of protection from magic (left hand)
 n - an uncursed ring of fire
 r - a +2 ring of slaying (right hand)
 z - an amulet of magic regeneration (around neck)
Wands
 E - a wand of polymorph (11)
Scrolls
 h - 2 scrolls of magic mapping
 j - a scroll of noise {unknown}
 k - 2 scrolls of teleportation
 p - 4 scrolls of remove curse
 u - a scroll of fog {unknown}
 x - a scroll of random uselessness {unknown}
 y - a scroll of blinking {unknown}
 A - 4 scrolls of enchant weapon {unknown}
 B - a scroll of enchant armour {unknown}
 D - a scroll of immolation {unknown}
Potions
 b - a potion of haste {unknown}
 g - 2 potions of heal wounds
 i - 3 potions of agility
 m - 2 potions of lignification {unknown}
 o - a potion of resistance {unknown}
 q - 2 potions of cancellation
 w - 3 potions of mutation {unknown}
 G - a potion of curing {unknown}
Comestibles
 f - 15 rations
 F - 4 chunks of flesh


   Skills:
 + Level 8.4 Fighting
 - Level 10.5 Axes
 - Level 1.7 Throwing
 + Level 6.7 Armour
 - Level 2.4 Dodging
 + Level 2.0 Invocations
 + Level 0.0 Evocations


You had 9 spell levels left.
You didn't know any spells.
Your spell library contained the following spells:

 Spells                   Type           Power        Failure   Level  Hunger
 Magic Dart               Conj           #...         100%        1    ##.....
 Blink                    Tloc           N/A          100%        2    ###....
 Call Imp                 Summ           #.......     100%        2    ###....
 Slow                     Hex            #.......     100%        2    ###....
 Conjure Flame            Conj/Fire      #.......     100%        3    ####...
 Mephitic Cloud           Conj/Pois/Air  #.......     100%        3    ####...


Dungeon Overview and Level Annotations

Branches:
Dungeon (9/15)             Temple (0/1) D:4
   Lair: D:8-11         Orc: D:9-12

Altars:
Cheibriados
Kikubaaqudgha
Zin
The Shining One

Shops:
D:8 (

Annotations:
D:5 Dowan, Duvessa


Innate Abilities, Weirdness & Mutations

You cannot wear boots.
Your serpentine skin is tough. (AC +3)
You have supernaturally acute eyesight. (SInv)
Armour fits poorly on your strangely shaped body.
Your system is resistant to poisons. (rPois)
You cover ground very slowly.
You have a slow metabolism.
You can spit poison.


Message History

The two-headed ogre is moderately wounded.
You have got your breath back.
The two-headed ogre hits you but does no damage.
You block the two-headed ogre's attack.
The crimson imp blinks!
You hit the two-headed ogre.
The two-headed ogre is moderately wounded.
The two-headed ogre looks more healthy.
The two-headed ogre hits you with a +0 giant spiked club.
The two-headed ogre hits you with a +0 giant spiked club!
You hit the two-headed ogre.
The two-headed ogre is heavily wounded.
You slash the two-headed ogre!
The two-headed ogre is heavily wounded.
You block the two-headed ogre's attack.
The two-headed ogre hits you with a +0 giant spiked club!
You slash the two-headed ogre!
The two-headed ogre is severely wounded.
The two-headed ogre hits you with a +0 giant spiked club.
The two-headed ogre hits you with a +0 giant spiked club!
You die...

.###.###[#..#### ..... ####.#
......)..##...## #... #.#
......)...###..# #... #.##
....).....# #.# #.. #..#
........#.## #.# #.. ##.##
.....<.##..###.# #.# . #..##
........#......###.# ... ##..#
........#........#O#..... ##.#
...........#.#.#.@.....5.. #..
........##................ ####.
........######.####.#......####<...
.......## ### ....^...........
#.....## ....#######..... #######
....# ##.... ##### #.... #####


You could see a two-headed ogre and a crimson imp.

Vanquished Creatures
  A wolf spider zombie (D:7)
  3 centaur zombies (D:7)
  2 hellwings (D:6)
  2 hippogriffs
  A spriggan (D:7)
  A wyvern (D:8)
  A sky beast (D:9)
  A black bear (D:6)
  2 phantoms
  An ogre (D:4)
  2 orc warriors
  A centaur (D:7)
  A crocodile (D:8)
  Blork the orc (D:6)
  4 bullfrogs
  2 wyvern zombies (D:7)
  2 scorpions
  3 wights (D:8)
  2 crimson imps
  3 orc wizards
  4 hounds
  3 centaur skeletons
  7 orc priests
  5 worker ants
  2 iguanas
  3 worker ant zombies
  6 adders
  4 gnolls
  7 shadow imps
  An adder zombie (D:7)
  2 worms (D:2)
  5 dart slugs
  8 leopard geckos
  29 orcs
  10 bats
  7 giant cockroaches
  8 goblins
  4 hobgoblins
  7 jackals
  2 quokkas
  A ball python (D:3)
  10 frilled lizards
  7 kobolds
  7 rats
185 creatures vanquished.

Notes
Turn   | Place    | Note
-------+----------+-------------------------------------------
     0 | D:1      | Duffy the Naga Gladiator began the quest for the Orb.
     0 | D:1      | Reached XP level 1. HP: 19/19 MP: 1/1
   123 | D:3      | Found a glowing golden altar of the Shining One.
   128 | D:3      | Became a worshipper of the Shining One
   129 | D:3      | Reached XP level 2. HP: 14/26 MP: 2/2
   719 | D:1      | Reached skill level 4 in Axes
   738 | D:1      | Reached XP level 3. HP: 32/32 MP: 3/3
  1808 | D:2      | Reached XP level 4. HP: 39/39 MP: 4/4
  1858 | D:2      | Reached skill level 5 in Axes
  2708 | D:3      | Reached XP level 5. HP: 20/45 MP: 5/5
  3026 | D:3      | Reached skill level 6 in Axes
  3224 | D:3      | Reached * piety under the Shining One
  3765 | D:4      | Found a staircase to the Ecumenical Temple.
  3768 | D:4      | Reached XP level 6. HP: 50/52 MP: 6/6
  3902 | D:4      | Reached skill level 7 in Axes
  4040 | D:4      | Reached skill level 1 in Armour
  4040 | D:4      | Reached XP level 7. HP: 61/61 MP: 7/7
  4565 | D:5      | Entered Level 5 of the Dungeon
  4648 | D:5      | Noticed Duvessa
  4651 | D:5      | Noticed Dowan
  4865 | D:6      | Found a snail-covered altar of Cheibriados.
  4884 | D:6      | Noticed Blork the orc
  4898 | D:6      | Killed Blork the orc
  5017 | D:6      | Reached XP level 8. HP: 69/72 MP: 8/8
  5631 | D:7      | Reached ** piety under the Shining One
  5633 | D:7      | Noticed a hippogriff
  5649 | D:6      | Killed a hippogriff
  5649 | D:6      | Reached skill level 8 in Axes
  5801 | D:7      | Noticed a hellwing
  5827 | D:6      | HP: 3/73 [hellwing (3)]
  5839 | D:6      | Killed a hellwing
  5839 | D:6      | Reached skill level 5 in Fighting
  6076 | D:7      | Noticed a hellwing
  6200 | D:7      | Reached XP level 9. HP: 81/81 MP: 9/9
  6226 | D:6      | Killed a hellwing
  6226 | D:6      | Reached skill level 9 in Axes
  6626 | D:7      | Reached skill level 5 in Armour
  6844 | D:7      | Reached skill level 10 in Axes
  6844 | D:7      | Reached XP level 10. HP: 67/94 MP: 10/10
  6866 | D:7      | Reached *** piety under the Shining One
  7058 | D:7      | You fall through a shaft!
  8023 | D:8      | Found a glowing silver altar of Zin.
  8049 | D:8      | Found Zeji Puh's Weapon Shop.
  8165 | D:8      | Reached skill level 1 in Invocations
  8311 | D:7      | Reached **** piety under the Shining One
  8777 | D:9      | Found an ancient bone altar of Kikubaaqudgha.
  8825 | D:9      | Noticed a two-headed ogre
  8837 | D:9      | Slain by a two-headed ogre

Vault maps used:
D:1:      giann_horns
D:3:      first_ration, nicolae_tso_swordbearing_angel
D:4:      minmay_temple_entry_stoned_glass, ebering_dispersal_statue_hall
D:5:      nicolae_qazlal_style_of_elements, lemuel_round_altar, uniq_duvessa
D:6:      serial_bayou_pond_e, hangedman_decor_opposing, kennysheep_slug_shrine,
          uniq_blork_the_orc
D:7:      cheibrodos_grave_circle, the_bakery
D:8:      basic_altar, serial_shops, shop, kennysheep_generic_room_14
D:9:      lemuel_doored_altar, yredelemnul_altar_generic, uniq_grum

Skill      XL: |  1  2  3  4  5  6  7  8  9 10 |
---------------+-------------------------------+-----
Axes           | 4 5 6 7 8 10 | 10.5
Armour         | 1 2 4 5 6 |  6.7
Fighting       | 3 5 7 8 |  8.4
Invocations    | 2 |  2.0
Throwing       | |  1.7
Dodging        | |  2.4

Action                   |  1- 3 |  4- 6 |  7- 9 | 10-12 || total
-------------------------+-------+-------+-------+-------++-------
Melee: War axe           |   119 |   101 |   174 |   169 ||   563
 Abil: Spit Poison       |     2 |    11 |    10 |     5 ||    28
  Use: Scroll            |       |     4 |       |     3 ||     7
       Potion            |       |       |     2 |       ||     2
  Eat: Chunk             |     2 |     7 |     6 |     4 ||    19
       Ration            |       |       |     1 |       ||     1
Armor: Leather armour    |    53 |    35 |     1 |       ||    89
       Chain mail        |       |       |   194 |    49 ||   243
       Ring mail         |       |       |     7 |       ||     7
       Plate armour      |       |       |       |    63 ||    63
Dodge: Dodged            |    87 |    46 |    43 |    24 ||   200
Block: Shield            |       |    28 |   100 |    67 ||   195

Table legend:
 A = Non-vault XP
 B = Vault XP
 C = Vault XP percentage of total XP
 D = Non-vault monster count
 E = Vault monster count
 F = Vault count percentage of total count
                 A         B        C        D         E       F
            +---------+---------+-------+---------+---------+-------
      Total |    3946 |    3606 |  47.7 |     168 |      17 |   9.2
            +---------+---------+-------+---------+---------+-------
        D:1 |      60 |       0 |   0.0 |      26 |       0 |   0.0
        D:2 |      90 |       0 |   0.0 |      29 |       0 |   0.0
        D:3 |     156 |       0 |   0.0 |      25 |       0 |   0.0
        D:4 |     603 |       0 |   0.0 |      14 |       0 |   0.0
        D:5 |      67 |       0 |   0.0 |       6 |       0 |   0.0
        D:6 |     458 |     765 |  62.6 |      12 |       4 |  25.0
        D:7 |     700 |    2841 |  80.2 |      18 |      13 |  41.9
        D:8 |    1595 |       0 |   0.0 |      32 |       0 |   0.0
        D:9 |     217 |       0 |   0.0 |       6 |       0 |   0.0
            +---------+---------+-------+---------+---------+-------
